 Dungeon Crawl Stone Soup version 0.30.0-13-g156ef70053 (webtiles) character file.

Game seed: 4144975759945554906

92 Ihaveafatcat the Firebug (level 4, -6/21 HPs)
             Began as a Vine Stalker Fire Elementalist on May 17, 2023.
             Mangled by a gnoll
             ... wielding a +0 halberd
              (14 damage)
             ... on level 4 of the Dungeon.
             The game lasted 00:07:35 (2866 turns).

Ihaveafatcat the Firebug (VSFE)                     Turns: 2866, Time: 00:07:35

Health: -6/21      AC:  2    Str: 10    XL:     4   Next: 60%
Magic:  0/17       EV: 12    Int: 17    God:
Gold:   273        SH:  0    Dex: 15    Spells: 5/8 levels left

rFire   + .          .
                       - Unarmed
rCold   x . .        (no shield)
rNeg    . . .        a - +0 robe
rPois   .            (no helmet)
rElec   .            (no cloak)
rCorr   .            (no gloves)
SInv    .            (no boots)
Will    .....        (no amulet)
Stlth   ++           k - ring of fire
HPRegen 1.03/turn    q - ring of magical power
MPRegen 0.15/turn

%: guardian spirit
@: no status effects
A: fangs 2, regeneration 1, magic shield, antimagic bite, no potion heal 2
a: no special abilities


You were on level 4 of the Dungeon.
You visited 1 branch of the dungeon, and saw 4 of its levels.

You collected 273 gold pieces.

Inventory:

Armour
 a - a +0 robe (worn)
Jewellery
 k - a ring of fire (left hand)
 q - a ring of magical power (right hand)
 t - a +6 ring of intelligence
Scrolls
 d - a scroll of silence {unknown}
 e - 2 scrolls of teleportation {unknown}
 f - a scroll of fog {unknown}
 j - a scroll of acquirement {unknown}
 l - a scroll of enchant weapon {unknown}
 m - a scroll of vulnerability {unknown}
 n - a scroll of poison {unknown}
 s - a scroll of noise {unknown}
 v - a scroll of identify {unknown}
Potions
 b - a potion of magic
 c - 3 potions of brilliance {unknown}
 g - 2 potions of degeneration {unknown}
 h - a potion of might {unknown}
 i - a potion of curing {unknown}
 o - a potion of ambrosia {unknown}
 p - 3 potions of flight {unknown}
 r - a potion of mutation {unknown}
 u - a potion of haste {unknown}
 w - a potion of lignification {unknown}


   Skills:
 + Level 0.8 Fighting
 + Level 1.9 Dodging
 + Level 3.3 Stealth
 + Level 2.2 Unarmed Combat
 + Level 2.5 Spellcasting
 + Level 1.1 Conjurations
 + Level 3.4 Fire Magic


You had 5 spell levels left.
You knew the following spells:

 Your Spells              Type           Power      Damage    Failure   Level
a - Foxfire               Conj/Fire      56%        2x1d6     8%          1
b - Scorch                Fire           40%        2d7       7%          2

Your spell library contained the following spells:

 Spells                   Type           Power      Damage    Failure   Level
 Inner Flame              Hex/Fire       11%        N/A       26%         3
 Volatile Blastmotes      Fire/Tloc      22%        2d11      26%         3
 Call Canine Familiar     Summ           2%         N/A       50%         3
 Portal Projectile        Hex/Tloc       4%         N/A       50%         3
 Flame Wave               Conj/Fire      14%        2d6       58%         4
 Leda's Liquefaction      Hex/Erth       1%         N/A       88%         4
 Simulacrum               Ice/Necr       1%         N/A       100%        6
 Ozocubu's Refrigeration  Ice            1%         4d7       100%        7
 Polar Vortex             Ice            1%         N/A       100%        9


Dungeon Overview and Level Annotations

Branches:
Dungeon (4/15)
 Temple: D:4-7

Altars:
Wu Jian

Annotations:
D:3 1 runed translucent door, Vadun's ghost, amateur TeFi


Innate Abilities, Weirdness & Mutations

You have extremely sharp teeth.
Your natural rate of healing is unusually fast.
When hurt, damage is shared between your health and your magic reserves.
Your bite disrupts and absorbs the magic of your enemies.
Potions cannot restore your health.


Message History

Casting: Scorch (safe; 7% risk of failure)
Confirm with . or Enter, or press ? or * to list all spells.
You feel a surge of power!
Flames lash the gnoll.
The gnoll is heavily wounded.
The gnoll's fire resistance burns away.
The gnoll throws a throwing net.
The throwing net completely misses you.
Unknown command.
Casting: Scorch (safe; 7% risk of failure)
Confirm with . or Enter, or press ? or * to list all spells.
You feel a surge of power!
Flames lash the gnoll.
The gnoll is severely wounded.
Unknown command.
Casting: Scorch (safe; 7% risk of failure)
Confirm with . or Enter, or press ? or * to list all spells.
You feel a surge of power!
Flames lash the gnoll.
The gnoll is burned terribly!
You kill the gnoll!
A gnoll comes into view. It is wielding a +0 halberd.
Unknown command.
Casting: Scorch (safe; 7% risk of failure)
Confirm with . or Enter, or press ? or * to list all spells.
You don't have enough magic to cast this spell.
Unknown command.
Your magical contamination has completely faded away.
The gnoll closely misses you.
You see here a throwing net.
The gnoll hits you from afar with a +0 halberd!
Ouch! That really hurt!
* * * LOW HITPOINT WARNING * * *
Casting: Scorch (safe; 7% risk of failure)
Confirm with . or Enter, or press ? or * to list all spells.
You don't know that spell.
Okay, then.
Casting: Foxfire (safe; 8% risk of failure)
Press: ? - help, Q - select action, (/) - cycle Dir - look around, f - activate
Okay, then.
The gnoll barely misses you.
You see here a throwing net.
The gnoll hits you with a +0 halberd!
Ouch! That really hurt!
You die...

####.. .... #..#..# ....
.... ....... ...##....
.....)) #......#
.#.....###..#..#
.......).......###.
...............#...
........g..........
.........@........#
.......(.(.......#
###......##....###.#
##.....##.........
#....##........#
................#
##!......#......##.....#
..##....#....#[.......##
..#.........##..........


You could see a gnoll.

Vanquished Creatures
  2 adders
  2 gnolls (D:4)
  A worm (D:2)
  An orc (D:3)
  4 endoplasms
  2 giant cockroaches (D:1)
  6 hobgoblins
  3 quokkas
  8 ball pythons
  2 bats (D:1)
  3 frilled lizards
  6 goblins
  6 kobolds
  3 rats
49 creatures vanquished.

Vanquished Creatures (others)
  38 foxfires
38 creatures vanquished.

Grand Total: 87 creatures vanquished

Notes
Turn   | Place    | Note
-------+----------+-------------------------------------------
     0 | D:1      | Ihaveafatcat the Vine Stalker Fire Elementalist began the
                  | quest for the Orb.
     0 | D:1      | Reached XP level 1. HP: 9/9 MP: 4/4
   296 | D:1      | Reached XP level 2. HP: 11/13 MP: 4/6
   962 | D:1      | Reached XP level 3. HP: 12/16 MP: 4/7
  1033 | D:1      | Reached skill level 1 in Unarmed Combat
  1520 | D:2      | Found a faded altar of an unknown god.
  2390 | D:3      | Found a runed translucent door.
  2395 | D:3      | Noticed Vadun's ghost (amateur TeFi)
  2447 | D:3      | Gained mutation: Your natural rate of healing is unusually
                  | fast. [Vine Stalker growth]
  2447 | D:3      | Reached XP level 4. HP: 13/21 MP: 8/8
  2532 | D:3      | Found an ornate altar of the Wu Jian Council.
  2651 | D:3      | Learned a level 2 spell: Scorch
  2866 | D:4      | Mangled by a gnoll

Illustrated notes

Levels and vault maps discovered:
D:1:      dpeg_arrival_snail, layout_loops_corners,
          chequers_serial_rivers_marsh, ebering_dispersal_statue_hall,
          nicolae_concentric_dashed_squares_mild, dreamdust_princess_bridge,
          glass_columns_c, roderic_serpentine_path, dreamdust_wishing_well
D:2:      layout_loops_ring, hellmonk_ecumenical_altar_run_dry
D:3:      layout_rooms, nzn_wu_jian_contemplation,
          ebering_ghost_reflecting_pool, corner_web_ring, minmay_unequal
D:4:      cheibrodos_helix_gallery, layout_cave_pools,
          makhleb_altar_promises_db, nicolae_ru_great_annihilating_truth,
          nicolae_overflow_hidden_temple,
          hangedman_abyss_or_decor_jellyfish_corner

Skill      XL: |  1  2  3  4 |
---------------+-------------+-----
Stealth        | 3 |  3.3
Unarmed Combat | 1 2 |  2.2
Fighting       | |  0.8
Dodging        | |  1.9
Spellcasting   | |  2.5
Conjurations   | |  1.1
Fire Magic     | |  3.4

Action                     |  1- 3 |  4- 6 || total
---------------------------+-------+-------++-------
  Melee: Unarmed           |   146 |     4 ||   150
         Bite              |    38 |     1 ||    39
         Punch             |     2 |       ||     2
   Cast: Foxfire           |    16 |     8 ||    24
         Scorch            |       |     8 ||     8
   Stab: Sleeping          |    10 |       ||    10
 Armour: Robe              |    28 |       ||    28
  Dodge: Dodged            |   101 |    11 ||   112
